 Dungeon Crawl Stone Soup version 0.21.1-1-g345015f (webtiles) character file.

382 Mirai the Skirmisher (level 6, -22/49 HPs)
             Began as a Demonspawn Fighter on Apr 7, 2018.
             Annihilated by an ogre
             ... wielding a +0 giant spiked club
              (26 damage)
             ... on level 4 of the Dungeon.
             The game lasted 00:06:49 (2694 turns).

Mirai the Skirmisher (Demonspawn Fighter)           Turns: 2694, Time: 00:06:50

Health: -22/49     AC: 12    Str: 24    XL:     6   Next: 47%
Magic:  6/6        EV:  6    Int:  9    God:
Gold:   143        SH: 10    Dex: 12    Spells: 5/5 levels left

rFire    . . .     SeeInvis .   a - +0 war axe
rCold    . . .     Gourm    .   c - +0 shield
rNeg     . . .     Faith    .   i - +1 chain mail {MR+}
rPois    .         Spirit   .   (no helmet)
rElec    .         Reflect  .   (no cloak)
rCorr    .         Harm     +   (no gloves)
MR       ++...                  (no boots)
Stlth    ..........             n - amulet of harm
HPRegen  0.16/turn              k - ring of protection from magic
MPRegen  0.10/turn              (no ring)

@: mighty
A: thin metallic scales 1, nightstalker 1, rot immunity
a: no special abilities


You were on level 4 of the Dungeon.
You were not hungry.

You visited 2 branches of the dungeon, and saw 5 of its levels.

You collected 143 gold pieces.

Inventory:

Hand Weapons
 a - a +0 war axe (weapon)
Armour
 c - a +0 shield (worn)
 i - a +1 chain mail of magic resistance (worn)
Jewellery
 k - a ring of protection from magic (left hand)
 n - an amulet of harm (around neck)
Scrolls
 e - 2 scrolls of teleportation {unknown}
 j - a scroll of enchant weapon {unknown}
 l - a scroll of noise {unknown}
 o - a scroll of remove curse {unknown}
 t - a scroll of identify {unknown}
Potions
 b - 2 potions of agility {unknown}
 d - a potion of might
 g - 2 potions of lignification {unknown}
 h - a potion of curing {unknown}
 m - a potion of degeneration {unknown}
 p - a potion of mutation {unknown}
 q - a potion of experience {unknown}
 s - a potion of brilliance {unknown}
Comestibles
 f - 3 rations
 r - 4 chunks of flesh


   Skills:
 + Level 4.5 Fighting
 + Level 3.4 Axes
 + Level 4.0 Armour
 + Level 4.0 Shields


You had 5 spell levels left.
You didn't know any spells.

Dungeon Overview and Level Annotations

Branches:
Dungeon (4/15)             Temple (1/1) D:4

Altars:
Ashenzari
Cheibriados
Dithmenos
Gozag
Hepliaklqana
Kikubaaqudgha
Makhleb
Sif Muna
Trog
Uskayaw
Vehumet
Xom
Yredelemnul
Zin
The Shining One


Innate Abilities, Weirdness & Mutations

You are partially covered in thin metallic scales. (AC +2)
You are slightly more attuned to the shadows.
You are immune to rotting.


Message History

You feel very mighty all of a sudden. The adder bites you but does no damage.
The adder barely misses you.
Your chain mail prevents you from hitting the adder.
The adder is almost dead.
You block the adder's attack. The adder bites you but does no damage.
You closely miss the adder.
The adder is almost dead.
You block the adder's attack.
You slice the adder!!
You kill the adder!
The ogre hits you with a giant spiked club!
* * * LOW HITPOINT WARNING * * *
You slash the ogre!
The ogre is heavily wounded.
The ogre barely misses you.
Your shield and chain mail prevent you from hitting the ogre.
The ogre is heavily wounded.
The ogre hits you with a giant spiked club!!
Ouch! That really hurt!
You die...

(.........####.#
#.#....รท#.......
#.##...######...
#.###..## #..>
######.###...#
##..
#..........#.#
#...
#.##.....#...#
#....
#.##.###.#####
#.... #...@#
#...# #....
####O###.#.#
##... #.....#.#
...!...#.### #
######...# #...#
..... #...##
##.##


You could see an ogre.

Vanquished Creatures
  A phantom (D:3)
  A hound (D:3)
  An orc priest (D:3)
  An orc wizard (D:3)
  Terence (D:2)
  A gnoll (D:1)
  6 adders
  3 oozes
  4 worms
  2 dart slugs
  3 leopard geckos
  8 orcs (D:3)
  A ball python (D:1)
  8 bats
  2 giant cockroaches
  5 goblins
  8 hobgoblins
  4 jackals (D:1)
  8 kobolds
  2 quokkas
  6 frilled lizards
  8 rats
84 creatures vanquished.

Notes
Turn   | Place    | Note
-------+----------+-------------------------------------------
     0 | D:1      | Mirai the Demonspawn Fighter began the quest for the Orb.
     0 | D:1      | Reached XP level 1. HP: 18/18 MP: 1/1
    69 | D:1      | Gained mutation: You are partially covered in thin metallic scales. (AC +2) [demonic ancestry]
    69 | D:1      | Reached XP level 2. HP: 21/24 MP: 2/2
   258 | D:1      | Reached XP level 3. HP: 26/29 MP: 3/3
  1121 | D:2      | Reached XP level 4. HP: 25/35 MP: 4/4
  1311 | D:2      | Noticed Terence
  1315 | D:2      | Killed Terence
  1356 | D:2      | Found a shattered altar of Ashenzari.
  1838 | D:3      | Gained mutation: You are immune to rotting. [demonic ancestry]
  1838 | D:3      | Reached XP level 5. HP: 37/42 MP: 5/5
  1894 | D:3      | Noticed a phantom
  1914 | D:3      | Killed a phantom
  2028 | D:3      | Found a faded altar of an unknown god.
  2031 | D:3      | Gained mutation: You are slightly more attuned to the shadows. [demonic ancestry]
  2031 | D:3      | Reached XP level 6. HP: 48/48 MP: 6/6
  2181 | D:3      | Found an opulent altar of Gozag.
  2578 | D:4      | Found a staircase to the Ecumenical Temple.
  2586 | Temple   | Entered the Ecumenical Temple
  2694 | D:4      | Annihilated by an ogre

Skill      XL: |  1  2  3  4  5  6 |
---------------+-------------------+-----
Axes           | 2 3 |  3.4
Armour         | 3 4 |  4.0
Shields        | 3 4 |  4.0
Fighting       | 4 |  4.5

Action                   |  1- 3 |  4- 6 || total
-------------------------+-------+-------++-------
Melee: War axe           |   116 |   159 ||   275
  Use: Potion            |       |     2 ||     2
  Eat: Chunk             |     1 |     5 ||     6
Armor: Scale mail        |    20 |       ||    20
       Chain mail        |    94 |   142 ||   236
Dodge: Dodged            |    29 |    33 ||    62
Block: Shield            |    68 |    98 ||   166
